 Seeded DCSS version 0.28-a0-1234-g826d19b2e0 (webtiles) character file.

Game seed: 11023650935340118060 (custom seed)

6997 croobank the Carver (level 11, -2/87 HPs)
             Began as a Gnoll Cinder Acolyte on Dec 24, 2021.
             Was a Believer of Ignis.
             Slain by a boulder beetle (17 damage)
             ... on level 10 of the Dungeon.
             The game lasted 01:13:33 (12204 turns).

croobank the Carver (Gnoll Cinder Acolyte)         Turns: 12204, Time: 01:13:34

Health: -2/87      AC: 11    Str: 13    XL:     11   Next: 8%
Magic:  9/20       EV: 13    Int: 21    God:    Ignis [**....]
Gold:   1250       SH:  0    Dex:  9    Spells: 13/23 levels left

rFire   + . .      SeeInvis .   a - +5 falchion "Beastbane" {vorpal, rC+ Int+4}
rCold   + . .      Faith    .   (no shield)
rNeg    . . .      Spirit   .   R - +0 troll leather armour
rPois   .          Reflect  .   (no helmet)
rElec   .          Harm     .   h - +2 cloak {Will+}
rCorr   .          Rampage  .   j - +2 pair of gloves
Will    +....                   (no boots)
Stlth   +++.......              H - amulet of regeneration
HPRegen 1.84/turn               (no ring)
MPRegen 0.17/turn               G - ring of wizardry

@: no status effects
A: fangs 1, strong nose, distributed training
a: Renounce Religion, Fiery Armour, Foxfire Swarm, Rising Flame


You were on level 10 of the Dungeon.
You worshipped Ignis.
Ignis was pleased with you.
You visited 1 branch of the dungeon, and saw 10 of its levels.

You collected 1250 gold pieces.

Inventory:

Hand Weapons
 a - the +5 falchion "Beastbane" (weapon) {vorpal, rC+ Int+4}
   (You found it on level 7 of the Dungeon)

   It inflicts extra damage upon your enemies.
   Int:       It affects your intelligence (+4).
   rC:        It protects you from cold.
 b - a +2 longbow of freezing
 f - the +2 hunting sling "Orb Guardian's Peril" {flame, rC- Will++ MP+9 Int+3}
   (You acquired it on level 9 of the Dungeon)

   Any ammunition fired from it burns those it strikes, dealing additional fire
   damage.
   Int:       It affects your intelligence (+3).
   rC:        It makes you vulnerable to cold.
   MP:        It affects your magic capacity (+9).
   Will:      It greatly increases your willpower.
 r - a +2 short sword of draining
 P - a +0 spectral club
 U - a +0 shortbow
 X - a +5 hand axe of draining
Missiles
 c - 403 stones (quivered)
 g - 105 sling bullets
 m - 67 poisoned darts
 n - 132 arrows
 x - a throwing net
Armour
 e - a +0 chain mail
 h - a +2 cloak of willpower (worn)
 j - a +2 pair of gloves (worn)
 s - a +0 plate armour
 z - the +0 robe "Tecy" {+Inv rF- Str+3 Stlth+}
   (You found it on level 5 of the Dungeon)

   Str:       It affects your strength (+3).
   rF:        It makes you vulnerable to fire.
   +Inv:      It lets you turn invisible.
   Stlth:     It makes you more stealthy.
 R - a +0 troll leather armour (worn)
Magical Staves
 o - a staff of air
Jewellery
 u - a ring of flight
 A - the ring "Qiamiesm" {Ice Dex+4}
   (You found it on level 5 of the Dungeon)

   [ring of ice]

   It enhances your ice magic.
   Dex:       It affects your dexterity (+4).
   rF:        It makes you vulnerable to fire.
   rC:        It protects you from cold.
 B - an amulet of magic regeneration
 G - a ring of wizardry (right hand)
 H - an amulet of regeneration (around neck)
 Z - a ring of fire
Wands
 t - a wand of acid (9)
 J - a wand of mindburst (16)
 L - a wand of iceblast (3)
 Q - a wand of paralysis (27)
Scrolls
 d - 4 scrolls of blinking {blink}
 l - 3 scrolls of magic mapping {magic mapping, unknown}
 p - 2 scrolls of fog
 y - a scroll of teleportation
 D - 2 scrolls of holy word {holy word, unknown}
 F - 5 scrolls of fear {fear, unknown}
 K - 2 scrolls of silence {silence, unknown}
 Y - 3 scrolls of identify
Potions
 i - 4 potions of heal wounds {heal wounds}
 k - 3 potions of curing {curing}
 q - a potion of magic {magic, unknown}
 w - a potion of attraction {attraction, unknown}
 I - 2 potions of might {might, unknown}
 O - a potion of brilliance {brilliance, unknown}
 S - a potion of mutation
 V - a potion of resistance


   Skills:
 + Level 8.9 Fighting
 + Level 5.9 Short Blades
 + Level 8.9 Long Blades
 + Level 5.9 Axes
 + Level 5.9 Maces & Flails
 + Level 5.9 Polearms
 + Level 5.9 Staves
 + Level 5.9 Slings
 + Level 5.9 Bows
 + Level 5.9 Crossbows
 + Level 5.9 Throwing
 + Level 5.9 Armour
 + Level 5.9 Dodging
 + Level 5.9 Stealth
 + Level 5.9 Shields
 + Level 5.9 Unarmed Combat
 + Level 6.6 Spellcasting
 + Level 4.9 Conjurations
 + Level 4.9 Hexes
 + Level 4.9 Summonings
 + Level 4.9 Necromancy
 + Level 4.9 Translocations
 + Level 4.9 Transmutations
 + Level 7.4 Fire Magic
 + Level 4.9 Ice Magic
 + Level 4.9 Air Magic
 + Level 4.9 Earth Magic
 + Level 4.9 Poison Magic
 + Level 6.5 Invocations
 + Level 5.9 Evocations


You had 13 spell levels left.
You knew the following spells:

 Your Spells              Type           Power      Damage    Failure   Level
a - Scorch                Fire           76%        2d8       1%          2
b - Mephitic Cloud        Conj/Pois/Air  27%        N/A       1%          3
c - Agony                 Necr           27%        N/A       16%         5

Your spell library contained the following spells:

 Spells                   Type           Power      Damage    Failure   Level
 Animate Skeleton         Necr           54%        N/A       1%          1
 Apportation              Tloc           54%        N/A       1%          1
 Magic Dart               Conj           100%       1d8       1%          1
 Pain                     Necr           100%       1d9       1%          1
 Summon Small Mammal      Summ           100%       N/A       1%          1
 Call Imp                 Summ           27%        N/A       1%          2
 Gell's Gravitas          Tloc           27%        N/A       1%          3
 Lesser Beckoning         Tloc           27%        N/A       1%          3
 Teleport Other           Tloc           27%        N/A       1%          3
 Excruciating Wounds      Necr           13%        N/A       16%         5


Dungeon Overview and Level Annotations

Branches:
Dungeon (10/15)            Temple (0/1) D:6
   Lair: D:8-11         Orc: D:9-12

Altars:
Elyvilon
Sif Muna
Vehumet
Yredelemnul


Innate Abilities, Weirdness & Mutations

You have very sharp teeth.
Your uncanny sense of smell can sniff out nearby items.
Your experience applies equally to all skills.


Message History

Confirm with . or Enter, or press ? or * to list all spells.
Flames lash the boulder beetle.
The boulder beetle is lightly wounded.
The boulder beetle's fire resistance burns away.
The boulder beetle barely misses you.
Casting: Scorch (safe; 1% risk of failure)
Confirm with . or Enter, or press ? or * to list all spells.
Flames lash the boulder beetle but do no damage.
The boulder beetle closely misses you.
Casting: Scorch (safe; 1% risk of failure)
Confirm with . or Enter, or press ? or * to list all spells.
Flames lash the boulder beetle.
The boulder beetle is lightly wounded.
The boulder beetle misses you.
Casting: Scorch (safe; 1% risk of failure)
Confirm with . or Enter, or press ? or * to list all spells.
Flames lash the boulder beetle.
The boulder beetle is burned terribly!
The boulder beetle is moderately wounded.
The boulder beetle is no longer more vulnerable to fire.
The boulder beetle bites you!
Casting: Scorch (safe; 1% risk of failure)
Confirm with . or Enter, or press ? or * to list all spells.
Flames lash the boulder beetle.
The boulder beetle is moderately wounded.
The boulder beetle's fire resistance burns away.
The boulder beetle bites you!!
Your +2 longbow of freezing stops glowing.
You sense an unholy aura.
X - a +5 hand axe of draining (weapon)
You feel clever.
a - the +5 falchion "Beastbane" (weapon)
{vorpal, rC+ Int+4} The boulder beetle bites you!!
You hit the boulder beetle but do no damage.
The boulder beetle is moderately wounded.
The boulder beetle bites you!
* * * LOW HITPOINT WARNING * * *
You slash the boulder beetle! Your punch misses the boulder beetle.
The boulder beetle is heavily wounded.
The boulder beetle bites you!
You die...

....#......................<
....###..................... ###.
######'###################+
..#..............................
..#......#####...................
..#......# #...###+#####.......
..#......# #...# .....#.......
..#......# #...# B....#.......
..#>.....# #..@# .....#.#####.
#'#).....# #..B###°....#.# #.
.........# #....°°.....#.# #.
.........#####.....#.....#.# #.
...................#.....#.# #.
...................#.....#.##+##.
...................#######.......
.................................
.................................


You could see a boulder beetle (combustible).

Vanquished Creatures
  2 two-headed ogres
  A manticore (D:10)
  A troll (D:7)
  A hornet (D:9)
  3 slime creatures (D:5)
  4 yaks (D:7)
  Sigmund (D:6)
  3 steam dragons
  Duvessa (D:4)
  An acid dragon (D:8)
  A water moccasin (D:7)
  An orc warrior (D:10)
  A sky beast (D:6)
  2 black bears
  A centaur (D:8)
  3 ogres
  2 phantoms (D:4)
  4 kobold brigands
  A scorpion (D:5)
  Dowan (D:4)
  8 wights
  3 howler monkeys
  A bullfrog zombie (D:6)
  A centaur zombie (D:9)
  4 bullfrog skeletons
  8 jellies
  2 gnoll shamans
  3 orc priests
  4 hounds
  Jessica (D:2)
  Natasha (thrice) (D:2)
  2 iguanas
  7 orc wizards
  2 killer bee zombies
  A hound zombie (D:5)
  7 adders
  18 gnolls
  An ufetubus (D:6)
  4 worms
  2 dart slugs
  17 orcs
  6 ball pythons
  15 endoplasms
  6 giant cockroaches
  4 goblins
  10 hobgoblins
  9 jackals
  6 quokkas
  4 bats (D:1)
  3 frilled lizards
  26 kobolds
  4 rats
227 creatures vanquished.

Vanquished Creatures (others)
  A hobgoblin (D:4)
  31 foxfires
  9 fungi (D:5)
  6 toadstools (D:5)
47 creatures vanquished.

Grand Total: 274 creatures vanquished

Notes
Turn   | Place    | Note
-------+----------+-------------------------------------------
     0 | D:1      | croobank the Gnoll Cinder Acolyte began the quest for the
                  | Orb.
     0 | D:1      | Reached XP level 1. HP: 23/23 MP: 4/4
   167 | D:1      | Reached XP level 2. HP: 26/29 MP: 5/5
   170 | D:1      | Learned a level 2 spell: Scorch
   645 | D:1      | Reached XP level 3. HP: 35/35 MP: 1/7
  1007 | D:1      | Reached skill level 1 in Invocations
  1563 | D:2      | You fall into a shaft and drop 2 floors!
  1602 | D:4      | Noticed a phantom
  1606 | D:4      | Killed a phantom
  1607 | D:4      | Reached skill level 1 in Short Blades
  1607 | D:4      | Reached skill level 1 in Axes
  1607 | D:4      | Reached skill level 1 in Maces & Flails
  1607 | D:4      | Reached skill level 1 in Polearms
  1607 | D:4      | Reached skill level 1 in Staves
  1607 | D:4      | Reached skill level 1 in Slings
  1607 | D:4      | Reached skill level 1 in Bows
  1607 | D:4      | Reached skill level 1 in Crossbows
  1607 | D:4      | Reached skill level 1 in Throwing
  1607 | D:4      | Reached skill level 1 in Armour
  1607 | D:4      | Reached skill level 1 in Dodging
  1607 | D:4      | Reached skill level 1 in Stealth
  1607 | D:4      | Reached skill level 1 in Shields
  1607 | D:4      | Reached skill level 1 in Unarmed Combat
  1607 | D:4      | Reached skill level 1 in Conjurations
  1607 | D:4      | Reached skill level 1 in Hexes
  1607 | D:4      | Reached skill level 1 in Summonings
  1607 | D:4      | Reached skill level 1 in Necromancy
  1607 | D:4      | Reached skill level 1 in Translocations
  1607 | D:4      | Reached skill level 1 in Transmutations
  1607 | D:4      | Reached skill level 1 in Ice Magic
  1607 | D:4      | Reached skill level 1 in Air Magic
  1607 | D:4      | Reached skill level 1 in Earth Magic
  1607 | D:4      | Reached skill level 1 in Poison Magic
  1607 | D:4      | Reached skill level 1 in Evocations
  1607 | D:4      | Reached XP level 4. HP: 41/41 MP: 1/8
  1607 | D:4      | Reached XP level 5. HP: 47/47 MP: 1/9
  1704 | D:4      | Noticed a black bear
  1710 | D:4      | Killed a black bear
  1862 | D:4      | Found a radiant altar of Vehumet.
  1984 | D:2      | Found a faded altar of an unknown god.
  2006 | D:2      | Reached XP level 6. HP: 53/53 MP: 3/10
  2006 | D:2      | Noticed Natasha
  2464 | D:3      | Found a shimmering blue altar of Sif Muna.
  2464 | D:3      | Found a basalt altar of Yredelemnul.
  2466 | D:3      | Found a white marble altar of Elyvilon.
  3105 | D:2      | Killed Natasha
  3106 | D:2      | Noticed Natasha
  3113 | D:2      | Killed Natasha
  3367 | D:2      | Noticed Jessica
  3369 | D:2      | Killed Jessica
  3370 | D:2      | Reached XP level 7. HP: 59/59 MP: 7/12
  3666 | D:2      | Noticed Natasha
  3671 | D:2      | Killed Natasha
  4225 | D:4      | Noticed Duvessa
  4230 | D:4      | Noticed Dowan
  4236 | D:4      | Killed Duvessa
  4335 | D:4      | Killed Dowan
  4664 | D:4      | Reached XP level 8. HP: 67/67 MP: 7/14
  5526 | D:5      | Entered Level 5 of the Dungeon
  5576 | D:5      | Identified the +0 robe "Tecy" {+Inv rF- Str+3 Stlth+}
  5664 | D:5      | Identified the ring "Qiamiesm" {Ice Dex+4}
  6363 | D:5      | Noticed a slime creature
  6363 | D:5      | Noticed a slime creature
  6363 | D:5      | Noticed a slime creature
  6383 | D:5      | Killed a slime creature
  6384 | D:5      | Reached XP level 9. HP: 68/72 MP: 10/16
  6436 | D:5      | Reached skill level 5 in Spellcasting
  7630 | D:6      | Noticed Sigmund
  7631 | D:6      | Killed Sigmund
  7710 | D:6      | Found a staircase to the Ecumenical Temple.
  7828 | D:7      | Reached skill level 5 in Invocations
  8029 | D:7      | Identified the +5 falchion "Beastbane" {vorpal, rC+ Int+4}
  8498 | D:8      | Reached XP level 10. HP: 79/80 MP: 13/18
  8681 | D:7      | Reached skill level 5 in Short Blades
  8681 | D:7      | Reached skill level 5 in Axes
  8681 | D:7      | Reached skill level 5 in Maces & Flails
  8681 | D:7      | Reached skill level 5 in Polearms
  8681 | D:7      | Reached skill level 5 in Staves
  8681 | D:7      | Reached skill level 5 in Slings
  8681 | D:7      | Reached skill level 5 in Bows
  8681 | D:7      | Reached skill level 5 in Crossbows
  8681 | D:7      | Reached skill level 5 in Throwing
  8681 | D:7      | Reached skill level 5 in Armour
  8681 | D:7      | Reached skill level 5 in Dodging
  8681 | D:7      | Reached skill level 5 in Stealth
  8681 | D:7      | Reached skill level 5 in Shields
  8681 | D:7      | Reached skill level 5 in Unarmed Combat
  8681 | D:7      | Reached skill level 5 in Evocations
  9247 | D:8      | Identified 3 scrolls of acquirement
  9248 | D:8      | Acquired 727 gold pieces
 10095 | D:9      | Learned a level 3 spell: Mephitic Cloud
 10765 | D:9      | Noticed a two-headed ogre
 10772 | D:9      | Killed a two-headed ogre
 10851 | D:9      | Paralysed by a hornet for 3 turns
 11075 | D:9      | Acquired the +2 hunting sling "Orb Guardian's Peril"
                  | {flame, rC- Will++ MP+9 Int+3}
 11159 | D:10     | Entered Level 10 of the Dungeon
 11223 | D:10     | Learned a level 5 spell: Agony
 11229 | D:10     | Noticed a two-headed ogre
 11238 | D:10     | Killed a two-headed ogre
 11396 | D:10     | HP: 4/82 [orc warrior (12)]
 11580 | D:10     | Acquired a +0 cloak of willpower
 11811 | D:10     | Reached XP level 11. HP: 87/87 MP: 15/20
 12068 | D:10     | Noticed a manticore
 12076 | D:10     | Killed a manticore
 12190 | D:10     | Noticed a boulder beetle
 12204 | D:10     | Slain by a boulder beetle

Illustrated notes

Levels and vault maps discovered:
D:1:      mainiacjoe_arrival_reflecting_pool, layout_loops_corners,
          minmay_split_cup_large
D:2:      layout_basic, basic_ecumenical_altar, minmay_tetromino_s4,
          uniq_jessica, uniq_natasha
D:3:      layout_rooms, gammafunk_temple_overflow_claw
D:4:      layout_basic, fiery_altar_vehumet, uniq_duvessa
D:5:      cheibrodos_fertilizer, layout_loops_ring
D:6:      layout_rooms, temple_hall, uniq_sigmund
D:7:      layout_cave_pools
D:8:      layout_cave_pools, serial_column_ruins, column_ruins_grid_1,
          column_ruins_columns_corner, column_ruins_open_tiny,
          column_ruins_corridor_straight, column_ruins_open_small,
          column_ruins_columns_T, column_ruins_open_small_water
D:9:      layout_stronghold, chequers_decorated_corner
D:10:     layout_irregular_city

Skill      XL: |  1  2  3  4  5  6  7  8  9 10 |
---------------+-------------------------------+-----
Invocations    | 1 2 3 4 5 6 |  6.5
Short Blades   | 1 2 3 4 5 |  5.9
Axes           | 1 2 3 4 5 |  5.9
Maces & Flails | 1 2 3 4 5 |  5.9
Polearms       | 1 2 3 4 5 |  5.9
Staves         | 1 2 3 4 5 |  5.9
Slings         | 1 2 3 4 5 |  5.9
Bows           | 1 2 3 4 5 |  5.9
Crossbows      | 1 2 3 4 5 |  5.9
Throwing       | 1 2 3 4 5 |  5.9
Armour         | 1 2 3 4 5 |  5.9
Dodging        | 1 2 3 4 5 |  5.9
Stealth        | 1 2 3 4 5 |  5.9
Shields        | 1 2 3 4 5 |  5.9
Unarmed Combat | 1 2 3 4 5 |  5.9
Spellcasting   | 3 4 5 6 |  6.6
Conjurations   | 1 2 3 4 |  4.9
Hexes          | 1 2 3 4 |  4.9
Summonings     | 1 2 3 4 |  4.9
Necromancy     | 1 2 3 4 |  4.9
Translocations | 1 2 3 4 |  4.9
Transmutations | 1 2 3 4 |  4.9
Ice Magic      | 1 2 3 4 |  4.9
Air Magic      | 1 2 3 4 |  4.9
Earth Magic    | 1 2 3 4 |  4.9
Poison Magic   | 1 2 3 4 |  4.9
Evocations     | 1 2 3 4 5 |  5.9
Fighting       | 7 8 |  8.9
Long Blades    | 7 8 |  8.9
Fire Magic     | 6 7 |  7.4

Action                   |  1- 3 |  4- 6 |  7- 9 | 10-12 || total
-------------------------+-------+-------+-------+-------++-------
Melee: Falchion          |    35 |    48 |       |    26 ||   109
       Bite              |     3 |     5 |       |     3 ||    11
       Club              |       |       |     8 |       ||     8
 Fire: Longbow           |       |       |    95 |    69 ||   164
       Hunting sling     |       |       |       |     4 ||     4
Throw: Stone             |       |     2 |     3 |     1 ||     6
 Cast: Scorch            |    25 |    55 |   106 |    99 ||   285
       Agony             |       |       |       |     1 ||     1
Invok: Fiery Armour      |       |     1 |     3 |     1 ||     5
       Foxfire Swarm     |       |       |     1 |     2 ||     3
Evoke: Wand              |       |       |       |     2 ||     2
  Use: Scroll            |       |     2 |     3 |    14 ||    19
       Potion            |       |       |       |     3 ||     3
Armor: Robe              |     6 |       |    10 |    10 ||    26
       Leather armour    |       |    11 |     4 |     1 ||    16
       Troll leather arm |       |       |       |     3 ||     3
Dodge: Dodged            |    19 |    28 |    32 |    70 ||   149

Table legend: (Time is in decaauts)
 A = Elapsed time spent in this place.
 B = Non-inter-level travel time spent in this place.
 C = Inter-level travel time spent in this place.
 D = Time resting spent in this place.
 E = Time spent auto-exploring this place.
 F = Levels seen in this place.
 G = Mean time per level.
                   A        B        C        D        E       F      G
               +--------+--------+--------+--------+--------+-----+--------+
         Total |  12300 |  12058 |    242 |   2505 |   6910 |  10 | 1230.0 |
       Dungeon |  12300 |  12058 |    242 |   2505 |   6910 |  10 | 1230.0 |
               +--------+--------+--------+--------+--------+-----+--------+

Top non-repeatable levels by time:
     D:1: 1561 daAuts
     D:5: 1546 daAuts
     D:4: 1519 daAuts
     D:3: 1460 daAuts
     D:7: 1359 daAuts
     D:9: 1305 daAuts
     D:2: 1017 daAuts
    D:10: 917 daAuts
     D:8: 910 daAuts
     D:6: 701 daAuts
